 Dungeon Crawl Stone Soup version 0.30-a0-475-g03497ec522 (webtiles) character file.

Game seed: 15899783909659229435

1906 zishaf the Trooper (level 8, -4/105 HPs)
             Began as a Demigod Wanderer on Dec 20, 2022.
             Slain by a yak (9 damage)
             ... on level 6 of the Dungeon.
             The game lasted 00:12:23 (7526 turns).

zishaf the Trooper (Demigod Wanderer)               Turns: 7526, Time: 00:12:24

Health: -4/105     AC: 24    Str: 10    XL:     8   Next: 62%
Magic:  17/26      EV:  2    Int: 26    God:
Gold:   180        SH:  0    Dex: 12    Spells: 11/15 levels left

rFire   . . .      SeeInvis +    d - +2 dagger (elec)
rCold   . . .      Faith    .    (no shield)
rNeg    . . .      Spirit   .    (body armour currently unavailable)
rPois   +          Reflect  .    (helmet currently unavailable)
rElec   .          Harm     .    (cloak currently unavailable)
rCorr   .          Rampage  .    (gloves currently unavailable)
Will    .....      NoTele   +    (boots currently unavailable)
Stlth   +.........               (no amulet)
HPRegen 0.37/turn                z - ring of magical power
MPRegen 0.20/turn                r - ring of see invisible

@: mighty, tree-form, hasted, very quick
A: stationary, stasis, torment immunity, boosted hp, high MP 1, forlorn, divine
attributes
a: no special abilities


You were on level 6 of the Dungeon.
You were a tree.
You visited 1 branch of the dungeon, and saw 6 of its levels.
You also visited: Sewer.

You collected 180 gold pieces.

Inventory:

Hand Weapons
 a - a +0 dagger
 d - a +2 dagger of electrocution (weapon)
 j - a +1 short sword of electrocution
Missiles
 B - 2 throwing nets (quivered)
Armour
 c - a +0 robe (melded)
 f - a +1 cloak (melded)
 w - a +0 pair of gloves (melded)
Jewellery
 r - a ring of see invisible (right branch)
 z - a ring of magical power (left branch)
Wands
 l - a wand of digging (5)
 y - a wand of flame (26)
Scrolls
 b - 4 scrolls of fear
 e - 4 scrolls of identify
 m - 3 scrolls of fog {unknown}
 n - 2 scrolls of enchant armour
 o - a scroll of poison
 x - 4 scrolls of teleportation
Potions
 g - 2 potions of resistance
 i - 5 potions of attraction
 k - 2 potions of mutation
 p - a potion of flight
 q - a potion of magic
 t - 2 potions of brilliance
 u - a potion of ambrosia {unknown}
 v - 2 potions of invisibility
 A - a potion of might


   Skills:
 + Level 5.8 Fighting
 - Level 4.0 Short Blades
 - Level 1.0 Throwing
 - Level 4.0 Spellcasting
 + Level 5.1 Conjurations
 + Level 5.6 Earth Magic
 - Level 1.0 Evocations


You had 11 spell levels left.
You knew the following spells:

 Your Spells              Type           Power      Damage    Failure   Level
a - Sandblast             Erth           68%        2d15      1%          1
b - Stone Arrow           Conj/Erth      66%        3d11      2%          3

Your spell library contained the following spells:

 Spells                   Type           Power      Damage    Failure   Level
 Kiss of Death            Conj/Necr      72%        2d10      3%          1
 Apportation              Tloc           10%        N/A       9%          1
 Sting                    Tmut/Pois      20%        1d4       9%          1
 Call Imp                 Summ           5%         N/A       13%         2
 Cigotuvi's Dreadful Rot  Necr/Pois/Air  10%        N/A       13%         2
 Poisonous Vapours        Pois/Air       10%        N/A       13%         2
 Mephitic Cloud           Conj/Pois/Air  14%        N/A       13%         3
 Confusing Touch          Hex            5%         N/A       26%         3
 Kindle Blastsparks       Fire/Tloc/Air  10%        2d10      26%         3
 Ozocubu's Armour         Ice            5%         N/A       26%         3
 Anguish                  Hex/Necr       2%         N/A       63%         4
 Dispel Undead            Necr           5%         3d7       63%         4
 Olgreb's Toxic Radiance  Pois           5%         N/A       63%         4
 Enfeeble                 Hex            2%         N/A       100%        7
 Ozocubu's Refrigeration  Ice            2%         4d8       100%        7


Dungeon Overview and Level Annotations

Branches:
Dungeon (6/15)             Temple (0/1) D:6           Sewer (visited)

Shops:
D:5 *


Innate Abilities, Weirdness & Mutations

You are a tree.
Your roots penetrate the ground, keeping you stationary.
You cannot be teleported.
You are immune to unholy pain and torment.
Your maximum health is greatly increased.
Your equipment is partially melded.
You have an increased reservoir of magic. (+10% MP)
You shall have no god before yourself.
Your divine heritage dramatically boosts your attributes as you level up.


Message History

You feel sick.
The killer bee stings you but does no damage.
A killer bee comes into view.
The killer bee barely misses you. The yak gores you but does no damage.
The killer bee stings you but does no damage. x2
The yak gores you but does no damage.
You barely miss the killer bee.
The killer bee is heavily wounded.
The killer bee stings you but does no damage.
The killer bee stings you.
* * * LOW HITPOINT WARNING * * *
You closely miss the killer bee.
The killer bee is heavily wounded.
You feel sick.
The killer bee buzzes angrily.
The killer bee stings you.
* * * LOW HITPOINT WARNING * * *
The killer bee stings you but does no damage.
The yak gores you.
* * * LOW HITPOINT WARNING * * *
The yak gores you but does no damage.
You hit the killer bee.
You punch the killer bee, but do no damage.
The killer bee is severely wounded.
You feel sick. The killer bee completely misses you.
The killer bee stings you but does no damage.
Okay, then.
You barely miss the killer bee.
The killer bee is severely wounded.
The killer bee stings you but does no damage. x2
The yak gores you but does no damage. The yak gores you.
* * * LOW HITPOINT WARNING * * *
It was a potion of flight.
Your roots keep you in place.
You feel sick.
You are no longer poisoned.
The killer bee stings you but does no damage. x2
It was a potion of might.
You feel very mighty all of a sudden.
The killer bee stings you but does no damage. x2
The yak gores you but does no damage. The yak gores you!
You die...

#...#........#.y. #...#....#...+
.y #...#...)#######Y
#####..........#.######
#..............#.(....#
##..............#.†....+
................##y#######
......####......YYY.......
......# #......♣yY.......
......# #.......y.......... #.8
....(.# #.................. #...
###........###############.##..#
+........#.........#........# .
........#.........#......)##..
........##.<###...# ....8....>
##.... #+####...#####...##..
+..... .................##.


You could see 4 yaks and 3 killer bees.

Vanquished Creatures
  A yak (D:6)
  A black bear (D:6)
  2 ogres
  3 kobold brigands
  A bullfrog (D:6)
  A necrophage (D:5)
  5 scorpions
  A killer bee (D:6)
  2 jellies
  2 gnoll boudas
  4 hounds
  An orc priest (D:4)
  3 iguanas
  An orc wizard (D:3)
  18 gnolls
  9 adders
  3 river rats (Sewer)
  2 white imps
  2 ufetubi (D:4)
  3 worms
  2 dart slugs
  17 orcs
  8 endoplasms
  2 giant cockroaches
  3 goblins
  8 hobgoblins
  4 jackals
  20 kobolds
  7 quokkas
  16 ball pythons
  3 bats
  7 frilled lizards
  12 rats
174 creatures vanquished.

Vanquished Creatures (others)
  Sigmund (D:4)
  An adder (D:4)
  A hobgoblin (D:4)
  A quokka (D:4)
  8 plants (Sewer)
12 creatures vanquished.

Grand Total: 186 creatures vanquished

Notes
Turn   | Place    | Note
-------+----------+-------------------------------------------
     0 | D:1      | zishaf the Demigod Wanderer began the quest for the Orb.
     0 | D:1      | zishaf set off with the following items: a +0 dagger, a
                  | scroll of fear, a +0 robe, a potion of curing; and the
                  | following spells available to memorise: Sandblast,
                  | Apportation, Call Imp, Stone Arrow, Confusing Touch, Kindle
                  | Blastsparks.
     0 | D:1      | Reached XP level 1. HP: 17/17 MP: 7/7
     2 | D:1      | Learned a level 1 spell: Sandblast
   210 | D:1      | Reached XP level 2. HP: 13/24 MP: 2/9
   687 | D:1      | Reached XP level 3. HP: 30/30 MP: 8/11
  1223 | D:2      | Reached skill level 1 in Short Blades
  1682 | D:3      | Learned a level 3 spell: Stone Arrow
  1703 | D:3      | Reached XP level 4. HP: 33/37 MP: 9/13
  2418 | D:4      | Noticed Sigmund
  2434 | D:3      | Reached skill level 1 in Conjurations
  2434 | D:3      | Reached XP level 5. HP: 32/45 MP: 14/14
  2812 | D:4      | Noticed an ogre
  2828 | D:4      | Killed Sigmund
  2829 | D:4      | Killed an ogre
  2830 | D:4      | Reached XP level 6. HP: 29/51 MP: 8/15
  3972 | D:5      | Entered Level 5 of the Dungeon
  4308 | D:5      | Reached XP level 7. HP: 59/59 MP: 7/16
  5020 | D:5      | Found Bigoul's General Store.
  5921 | D:6      | Found a staircase to the Ecumenical Temple.
  6089 | D:6      | Found a glowing drain.
  6117 | D:6      | Reached XP level 8. HP: 44/67 MP: 17/17
  6166 | Sewer    | Entered a sewer
  6287 | Sewer    | Reached skill level 5 in Fighting
  7223 | D:6      | Reached skill level 5 in Earth Magic
  7497 | D:6      | Reached skill level 5 in Conjurations
  7524 | D:6      | HP: 5/105 [yak (4)]
  7526 | D:6      | Slain by a yak

Illustrated notes

Levels and vault maps discovered:
D:1:      mainiacjoe_arrival_reflecting_pool, layout_rooms
D:2:      layout_basic, basic_altar, reono_crystal_passage, st_stairs_9
D:3:      layout_basic, elyvilon_altar_4
D:4:      layout_rooms, xom_confusion_cloud, uniq_sigmund
D:5:      layout_gridville, serial_shops, shop, chequers_serial_rivers_micro_e,
          st_stairs_4
D:6:      layout_gridville, minmay_temple_entry_waves,
          cheibrodos_sewer_entry_drain, kennysheep_generic_room_15

Skill      XL: |  1  2  3  4  5  6  7  8 |
---------------+-------------------------+-----
Fighting       | 2 3 4 5 |  5.8
Spellcasting   | 4 |  4.0
Earth Magic    | 2 3 4 5 |  5.6
Short Blades   | 1 2 3 4 |  4.0
Conjurations   | 1 2 3 5 |  5.1
Throwing       | |  1.0
Evocations     | |  1.0

Action                   |  1- 3 |  4- 6 |  7- 9 || total
-------------------------+-------+-------+-------++-------
Melee: Short sword       |    46 |    38 |    10 ||    94
       Punch             |       |     1 |     1 ||     2
       Dagger            |       |       |    48 ||    48
 Cast: Sandblast         |    93 |    89 |   119 ||   301
       Stone Arrow       |       |       |    18 ||    18
  Use: Scroll            |       |    12 |     1 ||    13
       Potion            |       |       |     7 ||     7
 Stab: Sleeping          |       |     1 |       ||     1
Armor: Robe              |    27 |    25 |    29 ||    81
       Skin              |       |       |    58 ||    58
Dodge: Dodged            |    65 |    78 |   113 ||   256

Table legend: (Time is in decaauts)
 A = Elapsed time spent in this place.
 B = Non-inter-level travel time spent in this place.
 C = Inter-level travel time spent in this place.
 D = Time resting spent in this place.
 E = Time spent auto-exploring this place.
 F = Levels seen in this place.
 G = Mean time per level.
                   A        B        C        D        E       F      G
               +--------+--------+--------+--------+--------+-----+--------+
         Total |   7867 |   7711 |    156 |   1082 |   5053 |   7 | 1123.9 |
       Dungeon |   6618 |   6462 |    156 |    923 |   4286 |   6 | 1103.0 |
         Sewer |   1249 |   1249 |      0 |    159 |    766 |   1 | 1249.0 |
               +--------+--------+--------+--------+--------+-----+--------+

Top non-repeatable levels by time:
     D:4: 2480 daAuts
   Sewer: 1249 daAuts
     D:5: 958 daAuts
     D:1: 886 daAuts
     D:3: 863 daAuts
     D:2: 832 daAuts
     D:6: 597 daAuts
